 Dungeon Crawl Stone Soup version 0.21.1-1-g345015fe64 (webtiles) character file.

219 Oravi the Changer (level 5, -4/40 HPs)
             Began as a Merfolk Transmuter on Apr 28, 2018.
             Slain by a wight
             ... wielding a +2 long sword
              (5 damage)
             ... on level 3 of the Dungeon.
             The game lasted 00:08:10 (2648 turns).

Oravi the Changer (Merfolk Transmuter)              Turns: 2648, Time: 00:08:10

Health: -4/40      AC:  2    Str: 12    XL:     5   Next: 96%
Magic:  6/8        EV: 24    Int: 18    God:
Gold:   116        SH:  0    Dex: 25    Spells: 2/8 levels left

rFire    . . .     SeeInvis .     - Unarmed
rCold    . . .     Gourm    .   (shield currently unavailable)
rNeg     . . .     Faith    .   (armour currently unavailable)
rPois    x         Spirit   .   (helmet currently unavailable)
rElec    .         Reflect  .   (cloak currently unavailable)
rCorr    .         Harm     .   (gloves currently unavailable)
MR       .....                  (boots currently unavailable)
Stlth    +++.......             (no amulet)
HPRegen  0.13/turn              (no ring)
MPRegen  0.11/turn              (no ring)

@: brilliant, agile, spider-form, heavily drained
A: tiny, (change form in water), (swift swim), (stealthy swim), robust 1, strong
1
a: End Transformation


You were on level 3 of the Dungeon.
You were hungry.
You were a venomous arachnid creature.
You visited 1 branch of the dungeon, and saw 3 of its levels.

You collected 116 gold pieces.

Inventory:

Missiles
 a - 12 arrows
 g - 50 stones (quivered)
 o - 4 tomahawks
Armour
 b - a +0 robe (melded)
Jewellery
 h - an uncursed amulet of rage
 p - a cursed -5 ring of strength {unknown}
Scrolls
 e - 3 scrolls of identify
 f - a scroll of fear {unknown}
 j - a scroll of teleportation {unknown}
 l - a scroll of noise {unknown}
 m - a scroll of blinking {unknown}
Potions
 n - a potion of agility
Books
 c - a book of Changes

   Spells                             Type                      Level
   a - Beastly Appendage              Transmutation                1
   b - Sticks to Snakes               Transmutation                2
   c - Spider Form                    Transmutation/Poison         3
   d - Ice Form                       Ice/Transmutation            4
   e - Blade Hands                    Transmutation                5
Comestibles
 d - 3 rations


   Skills:
 - Level 1.1(0.0) Fighting
 - Level 2.6(1.5) Dodging
 + Level 5.2(3.9) Unarmed Combat
 - Level 2.0(0.8) Spellcasting
 * Level 5.5(4.2) Transmutations
 * Level 2.1(1.0) Poison Magic


You had 2 spell levels left.
You knew the following spells:

 Your Spells              Type           Power        Failure   Level  Hunger
a - Spider Form           Tmut/Pois      ###.......   5%          3    ####...
b - Sticks to Snakes      Tmut           ####....     1%          2    ###....
c - Beastly Appendage     Tmut           ####..       1%          1    ##.....


Dungeon Overview and Level Annotations

Branches:
Dungeon (3/15)

Altars:
Nemelex Xobeh
The Shining One


Innate Abilities, Weirdness & Mutations

((You revert to your normal form in water.))
((You are very nimble and swift while swimming.))
((You are very stealthy in the water. (Stealth+)))
((You have a pair of small horns on your head.))
((You are partially covered in large bone plates. (SH +4)))
You are robust. (+10% HP)
Your muscles are strong. (Str +2)


Message History

The hobgoblin shouts!
You hit the wight but do no damage.
The wight is severely damaged.
The wight misses you.
You hit the wight but do no damage.
The wight is severely damaged.
The wight completely misses you.
You hit the wight.
The wight is severely damaged.
You hit the wight.
The wight is almost destroyed.
The wight misses you.
You barely miss the wight.
The wight is almost destroyed.
The wight hits you with an enchanted long sword.
* * * LOW HITPOINT WARNING * * *
You hit the wight but do no damage.
The wight is almost destroyed.
The wight hits you with an enchanted long sword.
You die...

####.#.###.#.# #.#
.........#.#.# #.#
####.#.#.#.#)# #.#
#.#.#.#.#.# #.#
#.#.#.#.#.# #.#
#.#.#.#.#.# #.#
#.#...#.#.# #z#
#.#####.#.# #z#
#.# #.#.# #s# #.#
#.#.# #g# ###'##
#.#.# #.#
#....####.#.# #.#
#.........#.# #.#
##....######.# #.#
#.....'......# #.#
#.....########.#.#
. #.....# #.#.#..


You could see 2 wights and a hobgoblin.

Vanquished Creatures
  A wight (D:3)
  2 orc wizards (D:3)
  A worker ant (D:3)
  4 gnolls (D:2)
  A worm (D:2)
  4 dart slugs
  A leopard gecko (D:2)
  3 orcs (D:3)
  2 giant cockroaches
  3 hobgoblins
  4 jackals (D:2)
  9 bats
  4 frilled lizards
  4 goblins
  3 kobolds
  6 rats
52 creatures vanquished.

Notes
Turn   | Place    | Note
-------+----------+-------------------------------------------
     0 | D:1      | Oravi the Merfolk Transmuter began the quest for the Orb.
     0 | D:1      | Reached XP level 1. HP: 15/15 MP: 3/3
   257 | D:1      | Reached XP level 2. HP: 20/21 MP: 3/5
   833 | D:1      | Reached XP level 3. HP: 23/26 MP: 4/6
   837 | D:1      | Learned a level 2 spell: Sticks to Snakes
   841 | D:1      | Learned a level 3 spell: Spider Form
  1515 | D:2      | Found a faded altar of an unknown god.
  1869 | D:2      | Reached skill level 1 in Poison Magic
  1869 | D:2      | Reached XP level 4. HP: 32/32 MP: 3/7
  2189 | D:3      | Found a glowing golden altar of the Shining One.
  2189 | D:3      | Found a sparkling altar of Nemelex Xobeh.
  2289 | D:3      | Reached XP level 5. HP: 27/37 MP: 4/8
  2381 | D:3      | Reached skill level 5 in Transmutations
  2389 | D:3      | Reached skill level 5 in Unarmed Combat
  2617 | D:3      | Gained mutation: Your muscles are strong. (Str +2) [potion of mutation]
  2617 | D:3      | Gained mutation: You are robust. (+10% HP) [potion of mutation]
  2617 | D:3      | Gained mutation: You are partially covered in large bone plates. (SH +4) [potion of mutation]
  2617 | D:3      | Gained mutation: You have a pair of small horns on your head. [potion of mutation]
  2642 | D:3      | HP: 2/40 [wight/enchanted long sword (1)]
  2647 | D:3      | HP: 1/40 [wight/enchanted long sword (2)]
  2648 | D:3      | Slain by a wight

Skill      XL: |  1  2  3  4  5 |
---------------+----------------+-----
Transmutations | 3 4 5 |  5.5
Unarmed Combat | 4 5 |  5.2
Poison Magic   | 1 2 |  2.1
Fighting       | |  1.1
Dodging        | |  2.6
Spellcasting   | |  2.0

Action                   |  1- 3 |  4- 6 || total
-------------------------+-------+-------++-------
Melee: Unarmed           |    78 |    57 ||   135
       Headbutt          |     6 |       ||     6
       Punch             |     1 |       ||     1
Throw: Stone             |    86 |     5 ||    91
 Cast: Beastly Appendage |    16 |       ||    16
       Spider Form       |     6 |     6 ||    12
  Use: Potion            |       |     3 ||     3
       Scroll            |       |     1 ||     1
 Stab: Sleeping          |     1 |       ||     1
  Eat: Chunk             |     4 |     3 ||     7
Armor: Robe              |    29 |       ||    29
       Skin              |     1 |     1 ||     2
Dodge: Dodged            |    86 |    35 ||   121
